 Dungeon Crawl Stone Soup version 0.31-a0-435-g2c6fae2916 (webtiles) character file.

Game seed: 6581777477901038836

3708 jasper the Mimic (level 9, -19/79 HPs)
             Began as a Demonspawn Shapeshifter on Aug 1, 2023.
             Was a Believer of Uskayaw.
             Demolished by a two-headed ogre
             ... wielding a +0 giant spiked club
              (23 damage)
             ... on level 9 of the Dungeon.
             The game lasted 00:13:25 (9224 turns).

jasper the Mimic (Demonspawn Shapeshifter)          Turns: 9224, Time: 00:13:26

Health: -19/79     AC:  9    Str: 28    XL:     9   Next: 91%
Magic:  19/19      EV: 12    Int:  9    God:    Uskayaw [**....]
Gold:   367        SH:  0    Dex: 17    Spells: 8/8 levels left

rFire   + .          .
                       - Unarmed
rCold   + . .        (shield currently unavailable)
rNeg    + . .        a - melded +1 animal skin
rPois   .            (helmet currently unavailable)
rElec   .            (cloak unavailable)
rCorr   .            (gloves currently unavailable)
SInv    .            (boots currently unavailable)
Will    .....        m - amulet of magic regeneration
Stlth   ++           p - ring of protection from cold
HPRegen 0.33/turn    n - ring of Accord {rF+ rN+ MP+9 Str+6}
MPRegen 0.72/turn

%: no passive effects
@: snake-form, slowed, very slow
A: constrict, boosted hp, large, (icy blue scales 2), magic regeneration,
(weakness stinger 3)
a: Begin Untransformation, Renounce Religion, Stomp, Line Pass


You were on level 9 of the Dungeon.
You worshipped Uskayaw.
Uskayaw was noncommittal.
You were an enormous anaconda.
You visited 2 branches of the dungeon, and saw 10 of its levels.

You collected 499 gold pieces.
You spent 132 gold pieces at shops.

Inventory:

Missiles
 b - 64 stones
 f - 13 poisoned darts
Armour
 a - a +1 animal skin (melded)
 d - a +0 helmet
Jewellery
 e - a +6 ring of intelligence
 h - a ring of fire
 m - an amulet of magic regeneration (around neck)
 n - the ring of Accord (right hand) {rF+ rN+ MP+9 Str+6}
   (You acquired it on level 1 of the Dungeon)

   [ring of strength]

   Str:       It affects your strength (+6).
   rF:        It protects you from fire.
   rN:        It protects you from negative energy.
   MP:        It affects your magic capacity (+9).
 p - a ring of protection from cold (left hand)
 r - a +6 ring of dexterity
 w - an amulet of faith
Talismans
 c - a beast talisman
 g - a serpent talisman (active)
Wands
 q - a wand of charming (6)
 x - a wand of roots (2)
Scrolls
 i - 6 scrolls of identify
 j - a scroll of blinking
 k - a scroll of immolation
 l - a scroll of brand weapon
 s - a scroll of torment
 t - a scroll of poison
Potions
 o - 2 potions of curing
 u - 3 potions of might {unknown}
 v - a potion of heal wounds


   Skills:
 + Level 4.3 Fighting
 + Level 4.3 Dodging
 * Level 6.3 Unarmed Combat
 + Level 1.5 Invocations
 + Level 9.0 Shapeshifting


You had 8 spell levels left.
You didn't know any spells.
Your spell library contained the following spells:

 Spells                   Type           Power      Damage    Failure   Level
 Apportation              Tloc           0%         N/A       38%         1
 Necrotise                Necr           0%         1d4       38%         1
 Slow                     Hex            0%         N/A       38%         1
 Summon Small Mammal      Summ           0%         N/A       38%         1
 Ensorcelled Hibernation  Hex/Ice        0%         N/A       52%         2
 Lesser Beckoning         Tloc           0%         N/A       52%         2
 Passwall                 Tmut/Erth      0%         N/A       52%         2
 Confusing Touch          Hex            0%         N/A       77%         3
 Gell's Gravitas          Tloc           0%         N/A       77%         3
 Swiftness                Air            0%         N/A       77%         3
 Teleport Other           Tloc           0%         N/A       77%         3
 Vampiric Draining        Necr           0%         2d6       77%         3
 Vhi's Electric Charge    Tloc/Air       0%         N/A       77%         3
 Arcjolt                  Conj/Air       0%         1d10      100%        5
 Dispersal                Tloc           0%         N/A       100%        6
 Plasma Beam              Fire/Air       0%         2x1d10    100%        6


Dungeon Overview and Level Annotations

Branches:
Dungeon (9/15)             Temple (1/1) D:5            Lair (0/5) D:8
    Orc: D:9-12

Altars:
Ashenzari
Cheibriados
Dithmenos
Fedhas
Gozag
Hepliaklqana
Kikubaaqudgha
Makhleb
Nemelex Xobeh
Okawaru
Qazlal
Ru
Sif Muna
Trog
Uskayaw
Vehumet
Xom
Yredelemnul

Shops:
D:6 ?[   D:9 *


Innate Abilities, Weirdness & Mutations

You are an enormous anaconda.
You have a powerful constriction melee attack.
Your maximum health is increased.
Your armour is entirely melded.
You are incapable of wielding weapons or throwing items.
((You are mostly covered in icy blue scales. (AC +3)))
You regenerate magic rapidly.
((You have a sharp stinger which inflicts weakening toxins.))


Message History

The wraith hits you! The wraith drains your vigour!
You feel yourself slow down.
You take 8 damage, and have 70/78 hp.
You closely miss the wraith.
The wraith is moderately damaged.
The wraith completely misses you.
You hit the wraith.
The wraith is heavily damaged.
The wraith hits you but does no damage.
You barely miss the wraith.
The wraith is heavily damaged.
The wraith hits you! The wraith hits you but does no damage.
You take 10 damage, and have 60/78 hp.
You body-slam the wraith!!
You destroy the wraith!
You can now pass through a line of other dancers.
You hit the two-headed ogre but do no damage.
Your grab misses the two-headed ogre.
The two-headed ogre completely misses you.
The two-headed ogre hits you with a +0 giant club!!
You take 19 damage, and have 42/79 hp.
MASSIVE DAMAGE!!
MP restored: 19 You barely miss the two-headed ogre.
You grab the two-headed ogre. You constrict the two-headed ogre!
The two-headed ogre hits you with a +0 giant spiked club!
The two-headed ogre barely misses you.
You take 7 damage, and have 35/79 hp.
You hit the two-headed ogre but do no damage.
The two-headed ogre is lightly wounded.
You constrict the two-headed ogre.
The two-headed ogre hits you with a +0 giant spiked club!
* * * LOW HITPOINT WARNING * * *
The two-headed ogre hits you with a +0 giant club!
* * * LOW HITPOINT WARNING * * *
You take 31 damage, and have 4/79 hp.
MASSIVE DAMAGE!!
You body-slam the two-headed ogre!!
The two-headed ogre is heavily wounded.
You constrict the two-headed ogre!
The two-headed ogre hits you with a +0 giant spiked club!!
You die...

......# #.....# ......#
#.....# ###'### ####.## #..#
#.# #.## #.# ### #.# #.#
.... ##.### #.# ..... .....#
#####.######......
.....#####......SO..'....$.
.....รท.....###.######......
.....####### #.# ..(..
....^# #.# .... .....# #.#
... .....# ##.# .. .....#
#..# . .....# #>## .....#
#.#


You could see a two-headed ogre.

Vanquished Creatures
  A two-headed ogre (D:9)
  A shadow (D:9)
  A vampire (D:8)
  A wyvern (D:9)
  A wraith (D:9)
  A steam dragon (D:8)
  A water moccasin (D:5)
  2 ice beasts
  A sky beast (D:6)
  A black bear (D:6)
  An orc warrior (D:9)
  2 ogres
  A centaur (D:7)
  A kobold brigand (D:6)
  3 bullfrogs
  A scorpion (D:4)
  8 wights
  A jelly (D:7)
  A hound (D:6)
  A gnoll bouda (D:5)
  4 orc priests
  2 sleepcaps
  Natasha (thrice) (D:3)
  4 iguanas
  4 orc wizards
  7 adders
  8 gnolls
  A shadow imp (D:8)
  4 white imps
  An ufetubus (D:6)
  2 worms
  12 dart slugs (D:4)
  13 orcs
  9 endoplasms
  4 giant cockroaches
  10 goblins
  8 hobgoblins
  11 kobolds
  2 quokkas
  3 ball pythons
  2 bats
  3 frilled lizards
  4 rats (D:2)
152 creatures vanquished.

Notes
Turn   | Place    | Note
-------+----------+-------------------------------------------
     0 | D:1      | jasper the Demonspawn Shapeshifter began the quest for the
                  | Orb.
     0 | D:1      | Reached XP level 1. HP: 15/15 MP: 1/1
   290 | D:2      | Gained mutation: You regenerate magic rapidly. [demonic
                  | ancestry]
   290 | D:2      | Reached XP level 2. HP: 10/21 MP: 2/2
   658 | D:2      | Gained mutation: You have a small tail. [demonic ancestry]
   658 | D:2      | Reached XP level 3. HP: 13/26 MP: 3/3
  1178 | D:3      | Reached skill level 3 in Shapeshifting
  1184 | D:3      | Reached XP level 4. HP: 7/33 MP: 4/4
  1549 | D:3      | Noticed Natasha
  1559 | D:3      | Killed Natasha
  1743 | D:3      | Noticed Natasha
  1750 | D:3      | Killed Natasha
  1800 | D:3      | Noticed Natasha
  1804 | D:3      | Killed Natasha
  1805 | D:3      | Gained mutation: You are partially covered in icy blue
                  | scales. (AC +2) [demonic ancestry]
  1805 | D:3      | Reached XP level 5. HP: 36/38 MP: 5/5
  2397 | D:4      | Gained mutation: You are mostly covered in icy blue scales.
                  | (AC +3) [demonic ancestry]
  2397 | D:4      | Reached XP level 6. HP: 46/46 MP: 6/6
  2421 | D:5      | Entered Level 5 of the Dungeon
  2527 | D:5      | Found a staircase to the Ecumenical Temple.
  2536 | Temple   | Entered the Ecumenical Temple
  2569 | Temple   | Became a worshipper of Uskayaw the Reveller
  2745 | D:5      | Noticed a water moccasin
  2755 | D:5      | Reached * piety under Uskayaw
  2756 | D:5      | Reached ** piety under Uskayaw
  2758 | D:5      | Killed a water moccasin
  3263 | D:5      | Reached skill level 5 in Unarmed Combat
  3267 | D:5      | Reached *** piety under Uskayaw
  3271 | D:5      | Reached **** piety under Uskayaw
  3717 | D:6      | Noticed a sky beast
  3736 | D:6      | Reached XP level 7. HP: 52/52 MP: 7/7
  3757 | D:6      | Reached ***** piety under Uskayaw
  3822 | D:6      | Found Wyrael's Magic Scroll Shoppe.
  3823 | D:6      | Found Qeuf's Armour Boutique.
  3830 | D:6      | Bought a scroll of blinking for 90 gold pieces
  3830 | D:6      | Bought a scroll of identify for 24 gold pieces
  3831 | D:6      | Found an iron altar of Okawaru.
  3949 | D:6      | Reached skill level 4 in Shapeshifting
  4115 | D:6      | Gained mutation: You have a tail ending in a sharp stinger.
                  | [demonic ancestry]
  4115 | D:6      | Reached XP level 8. HP: 19/60 MP: 8/8
  4460 | D:6      | Found a bloodstained altar of Trog.
  4492 | D:6      | Found an ancient bone altar of Kikubaaqudgha.
  5192 | D:7      | You fall into a shaft and drop 2 floors!
  5280 | D:4      | Reached skill level 5 in Shapeshifting
  6252 | D:1      | Found a faded altar of an unknown god.
  6316 | D:1      | Identified a scroll of acquirement
  6317 | D:1      | Acquired the ring of Accord {rF+ rN+ MP+9 Str+6}
  6440 | D:4      | Found a stormy altar of Qazlal.
  6711 | D:4      | Reached skill level 6 in Shapeshifting
  7007 | D:7      | Found a broken altar of Ashenzari.
  7297 | D:7      | Reached skill level 7 in Shapeshifting
  7297 | D:7      | Gained mutation: You have a sharp stinger which inflicts
                  | weakening toxins. [demonic ancestry]
  7297 | D:7      | Reached XP level 9. HP: 36/65 MP: 9/9
  8350 | D:8      | Found a staircase to the Lair.
  8554 | D:9      | Found Kauffeji's CLEARANCE SALE!.
  8565 | D:9      | Bought a potion of curing for 18 gold pieces
  8577 | D:9      | Noticed a two-headed ogre
  8587 | D:9      | Killed a two-headed ogre
  8588 | D:9      | Reached skill level 8 in Shapeshifting
  8765 | D:9      | Reached skill level 9 in Shapeshifting
  8955 | D:9      | Reached skill level 1 in Invocations
  9208 | D:9      | Noticed a two-headed ogre
  9224 | D:9      | Demolished by a two-headed ogre

Illustrated notes

Levels and vault maps discovered:
D:1:      matt_arrival_los_fun, layout_basic,
          shapermc_ecumenical_altar_acropolis
D:2:      layout_rooms
D:3:      layout_loops_ring, uniq_natasha
D:4:      kennysheep_slugbush, layout_loops_cross, mainiacjoe_overflow_alcove_4
D:5:      layout_cave_pods, minmay_temple_entry_drinking_statues,
          chequers_ossuary_entry_cave, serial_bayou_lake_a
D:6:      layout_rooms, mainiacjoe_overflow_concentric_impassable, zin_academy,
          okawaru_metal_pillars_3, mainiacjoe_overflow_two_lobes, serial_shops,
          shop, shop, kennysheep_cross_room
D:7:      layout_gridville, mainiacjoe_overflow_chevrons
D:8:      layout_basic, erik_lair_orcish_takeover, nzn_life_drinkers
D:9:      layout_roguey, nicolae_shop_clearance
Temple:   nicolae_temple_ecumenical_triangle

Skill      XL: |  1  2  3  4  5  6  7  8  9 |
---------------+----------------------------+-----
Dodging        | 2 3 4 |  4.3
Unarmed Combat | 3 4 5 6 |  6.3
Shapeshifting  | 3 4 7 9 |  9.0
Fighting       | 2 3 4 |  4.3
Invocations    | 1 |  1.5

Action                     |  1- 3 |  4- 6 |  7- 9 || total
---------------------------+-------+-------+-------++-------
  Melee: Unarmed           |    94 |   118 |   253 ||   465
         Tailslap          |     3 |     7 |    26 ||    36
         Punch             |     1 |       |    11 ||    12
         Constrict         |       |       |     3 ||     3
  Throw: Dart              |       |     2 |       ||     2
  Evoke: Wand              |       |    20 |     2 ||    22
    Use: Scroll            |     3 |     5 |     6 ||    14
         Potion            |     2 |     3 |     2 ||     7
   Stab: Sleeping          |     2 |     1 |     4 ||     7
         Invisible         |       |     2 |       ||     2
         Paralysed         |       |     1 |    10 ||    11
 Armour: Animal skin       |     8 |    18 |    32 ||    58
         Skin              |     3 |    21 |    42 ||    66
  Dodge: Dodged            |    43 |    73 |   132 ||   248
   Form: Anaconda          |       |       |     1 ||     1

Table legend: (Time is in decaauts)
 A = Elapsed time spent in this place.
 B = Non-inter-level travel time spent in this place.
 C = Inter-level travel time spent in this place.
 D = Time resting spent in this place.
 E = Time spent auto-exploring this place.
 F = Levels seen in this place.
 G = Mean time per level.
                   A        B        C        D        E       F      G
               +--------+--------+--------+--------+--------+-----+--------+
         Total |   9234 |   8736 |    498 |   2018 |   5169 |  10 |  923.4 |
       Dungeon |   9185 |   8701 |    484 |   2018 |   5169 |   9 | 1020.6 |
        Temple |     48 |     34 |     14 |      0 |      0 |   1 |   48.0 |
               +--------+--------+--------+--------+--------+-----+--------+

Top non-repeatable levels by time:
     D:5: 1370 daAuts
     D:6: 1350 daAuts
     D:3: 1270 daAuts
     D:7: 1115 daAuts
     D:4: 1106 daAuts
     D:2: 865 daAuts
     D:1: 790 daAuts
     D:9: 708 daAuts
     D:8: 608 daAuts
  Temple: 48 daAuts
